 Dungeon Crawl Stone Soup version 0.21.1-1-g345015fe64 (webtiles) character file.

20032 Oravi the Transmogrifier (level 12, -4/93 HPs)
             Began as a Merfolk Transmuter on May 4, 2018.
             Was a High Priest of Okawaru.
             Shot with an arrow by a centaur warrior (16 damage)
             ... on level 13 of the Dungeon.
             The game lasted 01:17:52 (16577 turns).

Oravi the Transmogrifier (Merfolk Transmuter)      Turns: 16577, Time: 01:17:52

Health: -4/93      AC:  8    Str: 15    XL:     12   Next: 75%
Magic:  8/31       EV: 19    Int: 16    God:    Okawaru [*****.]
Gold:   923        SH:  0    Dex: 15    Spells: 11/25 levels left

rFire    . . .     SeeInvis .     - Unarmed
rCold    . . .     Gourm    .   (shield currently unavailable)
rNeg     . . .     Faith    .   Q - +0 steam dragon scales
rPois    .         Spirit   .   A - +2 hat
rElec    .         Reflect  .   (no cloak)
rCorr    .         Harm     .   (gloves currently unavailable)
MR       +....                  l - +0 pair of boots
Stlth    +.........             (no amulet)
HPRegen  0.25/turn              E - +4 ring of strength
MPRegen  0.22/turn              y - ring of magical power

@: blade hands (expiring)
A: change form in water, swift swim, stealthy swim, blink, magic resistance 1,
mutation resistance 1
a: End Transformation, Blink, Heroism, Finesse, Renounce Religion


You were on level 13 of the Dungeon.
You worshipped Okawaru.
Okawaru was extremely pleased with you.
You were not hungry.
You had blades for hands.
You visited 2 branches of the dungeon, and saw 14 of its levels.
You also visited: Bailey.

You collected 1087 gold pieces.
You spent 164 gold pieces at shops.

Inventory:

Missiles
 a - 167 arrows
Armour
 l - a +0 pair of boots (worn)
 A - a +2 hat (worn)
 Q - +0 steam dragon scales (worn)
Magical Staves
 B - an uncursed staff of cold (melded)
Jewellery
 y - a ring of magical power (right scythe-like blade)
 E - a +4 ring of strength (left scythe-like blade)
 H - an uncursed ring of fire
 K - an uncursed ring of fire
Wands
 k - a wand of paralysis (23)
 z - a wand of polymorph (29)
 O - a wand of acid (1)
Scrolls
 e - 9 scrolls of teleportation
 f - 7 scrolls of remove curse
 h - 3 scrolls of amnesia
 r - a scroll of magic mapping
 s - 4 scrolls of enchant armour
 t - 2 scrolls of fear
 D - 5 scrolls of identify
Potions
 i - a potion of brilliance
 m - a potion of ambrosia
 n - a potion of experience {unknown}
 o - a potion of resistance
 x - a potion of might
 J - 2 potions of haste
Books
 c - a book of Changes

   Spells                             Type                      Level
   a - Beastly Appendage              Transmutation                1
   b - Sticks to Snakes               Transmutation                2
   c - Spider Form                    Transmutation/Poison         3
   d - Ice Form                       Ice/Transmutation            4
   e - Blade Hands                    Transmutation                5
 j - a book of Necromancy

   Spells                             Type                      Level
   a - Pain                           Necromancy                   1
   b - Animate Skeleton               Necromancy                   1
   c - Vampiric Draining              Necromancy                   3
   d - Regeneration                   Charms/Necromancy            3
   e - Animate Dead                   Necromancy                   4
   f - Borgnjor's Vile Clutch         Necromancy/Earth             5
 p - a book of Battle

   Spells                             Type                      Level
   a - Infusion                       Charms                       1
   b - Shroud of Golubria             Charms/Translocation         2
   c - Song of Slaying                Charms                       2
   d - Spectral Weapon                Hexes/Charms                 3
   e - Regeneration                   Charms/Necromancy            3
 F - a book of Maledictions

   Spells                             Type                      Level
   a - Corona                         Hexes                        1
   b - Ensorcelled Hibernation        Hexes/Ice                    2
   c - Confuse                        Hexes                        3
   d - Tukima's Dance                 Hexes                        3
   e - Dazzling Spray                 Conjuration/Hexes            3
 G - a book of Annihilations

   Spells                             Type                      Level
   a - Poison Arrow                   Conjuration/Poison           6
   b - Chain Lightning                Conjuration/Air              8
   c - Lehudib's Crystal Spear        Conjuration/Earth            8
   d - Glaciate                       Conjuration/Ice              9
   e - Fire Storm                     Conjuration/Fire             9
 L - a book of Beasts

   Spells                             Type                      Level
   a - Summon Butterflies             Summoning                    1
   b - Call Canine Familiar           Summoning                    3
   c - Summon Ice Beast               Ice/Summoning                4
   d - Summon Mana Viper              Hexes/Summoning              5
   e - Summon Hydra                   Summoning                    7
 M - a book of Frost

   Spells                             Type                      Level
   a - Freeze                         Ice                          1
   b - Throw Frost                    Conjuration/Ice              2
   c - Ozocubu's Armour               Charms/Ice                   3
   d - Throw Icicle                   Conjuration/Ice              4
   e - Summon Ice Beast               Ice/Summoning                4
Miscellaneous
 q - a fan of gales
 u - a fan of gales
 v - a phial of floods
 w - a sack of spiders
 I - a box of beasts
Comestibles
 b - 4 chunks of flesh
 d - 21 rations


   Skills:
 + Level 8.2 Fighting
 + Level 10.3 Dodging
 + Level 12.2 Unarmed Combat
 + Level 7.2 Spellcasting
 + Level 13.9 Transmutations
 - Level 5.0 Ice Magic
 - Level 2.0 Poison Magic


You had 11 spell levels left.
You knew the following spells:

 Your Spells              Type           Power        Failure   Level  Hunger
a - Spider Form           Tmut/Pois      ####......   17%         3    ##.....
b - Sticks to Snakes      Tmut           ######..     6%          2    None
c - Ice Form              Ice/Tmut       #####...     22%         4    ####...
d - Blade Hands           Tmut           ######....   16%         5    #####..


Dungeon Overview and Level Annotations

Branches:
Dungeon (13/15)            Temple (1/1) D:5            Lair (0/6) D:11
    Orc (0/2) D:9
 Vaults: D:13-14

Altars:
Ashenzari
Cheibriados
Dithmenos
Elyvilon
Fedhas
Gozag
Hepliaklqana
Kikubaaqudgha
Makhleb
Nemelex Xobeh
Okawaru
Qazlal
Ru
Sif Muna
Trog
Uskayaw
Vehumet
Wu Jian
Xom
Yredelemnul
Zin
The Shining One

Shops:
D:5 ?

Annotations:
D:6 2 transporters


Innate Abilities, Weirdness & Mutations

You revert to your normal form in water.
You are very nimble and swift while swimming.
You are very stealthy in the water. (Stealth+)
You can translocate small distances at will.
You are resistant to hostile enchantments. (MR+)
You are somewhat resistant to further mutation.


Message History

Casting: Blade Hands
Confirm with . or Enter, or press ? or * to list all spells.
You create 2 snakes!
You now have 167 arrows.
What are your orders? t - Shout!
Orders for allies: a - Attack new target. r - Retreat! s - Stop attacking. g - Guard the area. f - Follow me.
Anything else - Cancel.
Gang up on whom?
Press: ? - help, Dir - move target cursor, f - centaur warrior
Aim: a centaur warrior, wielding a shortbow Attack!
Your transformation is almost over.
The centaur warrior shoots an arrow.
The arrow hits your adder!
Your adder dies!
The centaur warrior shoots an arrow.
The arrow hits you!!
* * * LOW HITPOINT WARNING * * *
You feel better.
The centaur warrior shoots an arrow.
The arrow hits you!
You die...

##..........#......
##.................#
..#.<...).............
...............).....#...#
)...............<#.#..# #
. .....##............##.##
.# ##.##
#.............#..# #.# #
#.........S5.....###..#.
.........S.@#..#.........
..#####.....(##.#......###
## ........S.((c5.$......
...####..c.###(.#.... ...
##...# ##.# # # ## #...#
.# #...# .. #.... ...
..#..# c..#


You could see a centaur warrior, a crimson imp, a friendly water moccasin and 2
friendly adders.

Vanquished Creatures
  The ghost of amenchero the Summoner, a journeyman HuSu of Sif Muna (D:10)
  4 two-headed ogres
  A tengu warrior (D:13)
  An ugly thing (D:11)
  A manticore (D:8)
  2 centaur zombies
  A centaur skeleton (D:13)
  3 kobold demonologists
  A komodo dragon (D:11)
  A queen bee (D:8)
  2 trolls
  A hornet (D:8)
  A hippogriff (D:9)
  Sigmund (D:3)
  3 wyverns (D:11)
  14 yaks
  A shadow (D:12)
  A basilisk (D:13)
  A steam dragon (D:11)
  3 hungry ghosts
  Eustachio (D:6)
  A water moccasin (D:6)
  2 ice beasts
  3 orc warriors
  2 phantoms
  4 sky beasts
  8 ogres
  3 black bears
  A necrophage (D:10)
  4 centaurs
  16 big kobolds
  A crocodile (D:11)
  8 gnoll sergeants (Bailey)
  7 bullfrogs
  A water moccasin zombie (D:9)
  4 scorpions
  27 killer bees
  An electric eel (D:12)
  8 howler monkeys
  4 crimson imps
  2 bullfrog zombies
  11 hounds
  2 jellies (D:8)
  2 bullfrog skeletons
  10 orc priests
  6 gnoll shamans (Bailey)
  An iguana (D:5)
  11 orc wizards
  10 worker ants
  2 killer bee zombies
  A hound skeleton (D:8)
  Robin (D:3)
  A worker ant zombie (D:8)
  12 adders
  17 gnolls
  4 shadow imps
  2 oozes (D:3)
  3 worms
  4 dart slugs
  4 leopard geckos
  32 orcs
  2 giant cockroaches
  13 goblins
  5 hobgoblins
  9 jackals
  2 quokkas (D:4)
  3 ball pythons (D:5)
  2 bats
  3 frilled lizards
  A jackal skeleton (D:9)
  27 kobolds
  A leopard gecko zombie (D:8)
  A quokka zombie (D:6)
  3 rats
360 creatures vanquished.

Vanquished Creatures (collateral kills)
  A tengu warrior (D:13)
  A tengu conjurer (D:13)
  2 electric eels (D:12)
  A shadow imp (D:12)
  A quokka (D:12)
6 creatures vanquished.

Grand Total: 366 creatures vanquished

Notes
Turn   | Place    | Note
-------+----------+-------------------------------------------
     0 | D:1      | Oravi the Merfolk Transmuter began the quest for the Orb.
     0 | D:1      | Reached XP level 1. HP: 15/15 MP: 3/3
    67 | D:1      | Reached skill level 3 in Transmutations
   110 | D:1      | Reached XP level 2. HP: 18/21 MP: 3/5
   787 | D:2      | Reached XP level 3. HP: 23/26 MP: 6/6
   791 | D:2      | Learned a level 2 spell: Sticks to Snakes
   795 | D:2      | Learned a level 3 spell: Spider Form
   829 | D:2      | Reached skill level 4 in Transmutations
  1050 | D:2      | Reached XP level 4. HP: 27/32 MP: 1/7
  1322 | D:3      | Found a blossoming altar of Fedhas.
  1393 | D:3      | Noticed Robin
  1567 | D:3      | Killed Robin
  1732 | D:3      | Noticed Sigmund
  1739 | D:3      | Killed Sigmund
  1739 | D:3      | Reached skill level 5 in Unarmed Combat
  1739 | D:3      | Reached skill level 6 in Transmutations
  1739 | D:3      | Reached XP level 5. HP: 22/37 MP: 4/8
  1739 | D:3      | Reached XP level 6. HP: 26/43 MP: 4/9
  2060 | D:4      | Reached skill level 7 in Transmutations
  2060 | D:4      | Reached XP level 7. HP: 46/48 MP: 3/10
  2936 | D:4      | Found a bloodstained altar of Trog.
  3120 | D:5      | Entered Level 5 of the Dungeon
  3164 | D:5      | Found a staircase to the Ecumenical Temple.
  3176 | Temple   | Entered the Ecumenical Temple
  3515 | D:5      | Found Acluin's Magic Scroll Shop.
  3523 | D:5      | Bought a scroll of magic mapping for 52 gold pieces
  3523 | D:5      | Bought a scroll of enchant armour for 112 gold pieces
  3540 | D:5      | Reached skill level 8 in Transmutations
  3750 | D:5      | Found a burning altar of Makhleb.
  3751 | D:5      | Found a radiant altar of Vehumet.
  3944 | D:5      | Reached XP level 8. HP: 30/54 MP: 6/11
  4403 | D:6      | Reached skill level 9 in Transmutations
  4776 | D:6      | Noticed Eustachio
  4788 | D:6      | Killed Eustachio
  4862 | D:6      | Reached skill level 10 in Transmutations
  5268 | D:6      | Found a transporter.
  5271 | D:6      | Noticed a purple ugly thing
  5274 | D:6      | Found a transporter.
  5274 | D:6      | Noticed a brown ugly thing
  5277 | D:6      | Noticed a two-headed ogre
  5278 | D:6      | Noticed a wyvern
  5385 | D:6      | Found an ornate altar of the Wu Jian Council.
  5767 | D:6      | Reached XP level 9. HP: 31/59 MP: 12/12
  6428 | D:7      | Reached skill level 1 in Poison Magic
  6504 | D:7      | Gained mutation: You are resistant to hostile enchantments. (MR+) [potion of mutation]
  6504 | D:7      | Gained mutation: Your spells are a little easier to cast, but a little less powerful. [potion of mutation]
  6504 | D:7      | Gained mutation: Your body sometimes deteriorates upon taking damage. [potion of mutation]
  6504 | D:7      | Gained mutation: You are highly resistant to hostile enchantments. (MR++) [potion of mutation]
  6505 | D:7      | Lost mutation: You are highly resistant to hostile enchantments. (MR++) [potion of mutation]
  6505 | D:7      | Lost mutation: Your spells are a little easier to cast, but a little less powerful. [potion of mutation]
  6505 | D:7      | Lost mutation: Your body sometimes deteriorates upon taking damage. [potion of mutation]
  6505 | D:7      | Gained mutation: You can translocate small distances at will. [potion of mutation]
  6505 | D:7      | Gained mutation: You are somewhat resistant to further mutation. [potion of mutation]
  6675 | D:7      | Found a hazy altar of Hepliaklqana.
  6780 | D:8      | Reached skill level 11 in Transmutations
  7043 | D:8      | Found a flagged portal.
  7052 | Bailey   | Entered a bailey
  7156 | Bailey   | Learned a level 4 spell: Ice Form
  7162 | Bailey   | Learned a level 5 spell: Blade Hands
  8054 | Bailey   | Reached skill level 1 in Ice Magic
  8078 | Bailey   | Reached skill level 10 in Unarmed Combat
  8280 | Bailey   | Reached skill level 5 in Dodging
  8328 | Bailey   | Reached XP level 10. HP: 58/70 MP: 15/15
  8940 | D:8      | Found a basalt altar of Yredelemnul.
  8956 | D:8      | Noticed a two-headed ogre
  8964 | D:8      | Killed a two-headed ogre
  9016 | D:8      | Noticed a manticore
  9043 | D:8      | HP: 2/73 [manticore/volley of spikes (10)]
  9057 | D:8      | Killed a manticore
  9602 | D:8      | Reached skill level 12 in Transmutations
  9814 | D:8      | Reached skill level 5 in Fighting
  9936 | D:8      | Reached XP level 11. HP: 22/80 MP: 18/18
 10497 | D:8      | Found an iron altar of Okawaru.
 10497 | D:8      | Found an ancient bone altar of Kikubaaqudgha.
 10504 | D:8      | Became a worshipper of Warmaster Okawaru
 10776 | D:9      | Found a hide-covered altar of Uskayaw.
 10831 | D:9      | Reached skill level 5 in Spellcasting
 11098 | D:9      | Reached * piety under Okawaru
 11265 | D:9      | Found a shattered altar of Ashenzari.
 11550 | D:9      | Found a staircase to the Orcish Mines.
 11704 | D:10     | Entered Level 10 of the Dungeon
 11718 | D:10     | Noticed amenchero's ghost (journeyman HuSu)
 11788 | D:10     | Noticed a two-headed ogre
 11813 | D:10     | Killed a two-headed ogre
 11813 | D:10     | Reached skill level 5 in Ice Magic
 11846 | D:10     | Noticed a two-headed ogre
 12085 | D:10     | Reached ** piety under Okawaru
 12173 | D:10     | Killed a two-headed ogre
 12551 | D:10     | Reached *** piety under Okawaru
 13509 | D:10     | Noticed a sun demon
 13512 | D:10     | Reached skill level 13 in Transmutations
 13833 | D:10     | Killed amenchero's ghost
 13833 | D:10     | Reached **** piety under Okawaru
 13833 | D:10     | Reached XP level 12. HP: 55/91 MP: 2/21
 13922 | D:10     | Got a brightly glowing scale mail
 13923 | D:10     | Identified the cursed +0 scale mail of Upikhlal {rElec rCorr Int-5} (You took it off an orc on level 10 of the Dungeon)
 14044 | D:11     | Noticed a two-headed ogre
 14051 | D:11     | Killed a two-headed ogre
 14169 | D:11     | Found a shimmering altar of Xom.
 14169 | D:11     | Found a shimmering altar of Xom.
 14169 | D:11     | Found a shimmering altar of Xom.
 14169 | D:11     | Found a shimmering altar of Xom.
 14183 | D:11     | Found a shimmering altar of Xom.
 14779 | D:11     | Found a staircase to the Lair.
 15311 | D:12     | Reached ***** piety under Okawaru
 15776 | D:12     | Reached skill level 10 in Dodging
 16414 | D:13     | Noticed a tengu warrior
 16414 | D:13     | Noticed a tengu warrior
 16548 | D:13     | Killed a tengu warrior
 16551 | D:13     | Killed a tengu warrior
 16565 | D:13     | Noticed a centaur warrior
 16577 | D:13     | Shot with an arrow by a centaur warrior

Skill      XL: |  1  2  3  4  5  6  7  8  9 10 11 12 |
---------------+-------------------------------------+-----
Transmutations | 3 4 6 7 8 10 11 12 13 | 13.9
Unarmed Combat | 4 5 6 7 9 10 11 12 | 12.2
Dodging        | 5 7 9 10 | 10.3
Poison Magic   | 2 |  2.0
Fighting       | 3 5 7 8 |  8.2
Spellcasting   | 3 4 6 7 |  7.2
Ice Magic      | 1 4 5 |  5.0

Action                   |  1- 3 |  4- 6 |  7- 9 | 10-12 || total
-------------------------+-------+-------+-------+-------++-------
Melee: Unarmed           |    78 |    71 |   323 |   712 ||  1184
       Headbutt          |     4 |       |       |       ||     4
       Punch             |       |       |     2 |     3 ||     5
       Tailslap          |       |       |     2 |       ||     2
       Staff             |       |       |       |     1 ||     1
 Cast: Beastly Appendage |    13 |     4 |       |       ||    17
       Spider Form       |     6 |    11 |    44 |    64 ||   125
       Blade Hands       |       |       |    11 |     6 ||    17
       Sticks to Snakes  |       |       |       |    32 ||    32
       Ice Form          |       |       |       |     2 ||     2
Invok: Heroism           |       |       |       |     3 ||     3
  Use: Scroll            |       |     8 |     8 |     6 ||    22
       Potion            |       |       |     3 |     8 ||    11
 Stab: Sleeping          |     1 |       |     1 |     1 ||     3
       Distracted        |       |       |       |     1 ||     1
  Eat: Chunk             |     2 |     5 |    23 |    25 ||    55
       Ration            |       |       |     2 |     3 ||     5
Armor: Robe              |     4 |     2 |     2 |     3 ||    11
       Skin              |     1 |     3 |    16 |    19 ||    39
Dodge: Dodged            |    41 |    49 |   238 |   682 ||  1010
